AoeStats
← Moonka

MegaRandom

508922221Analyzed
4v4 RM · 6d ago on Sep 24, 2026· 42m 30s· 8 players
Game mode
Random Map
Map size
Large (8 player)
Population
200
Speed
Normal
Resources
Standard
Victory
Conquest
Starting age
Dark Age
Ending age
Imperial Age
RankedLock teamsTeams togetherTeam positionsShared explorationLock speedFull tech treeHidden civsTurbo modeCheats
Victory
Defeat
🇨🇳 Berbers · China
1420
+13
🇰🇷 Britons · South Korea
1407
+14
🇰🇷 Mongols · South Korea
1378
+15
🇰🇷 Hindustanis · South Korea
1321
+18
🇳🇱 Danes · Netherlands
1376
-15
🇷🇺 Byzantines · Russia
1376
-16
🇫🇷 Slavs · France
1348
-15
🇦🇷 Persians · Argentina
1334
-14
남조선사람
2:55 Loom
9:39 Feudal Age
15:07 Castle Age
13:52 Double-Bit Axe
14:33 Scale Barding Armor
14:12 Horse Collar
28:47 Fletching
39:40 Fervor
40:48 Bodkin Arrow
41:29 Wheelbarrow
40:39 Town Watch
41:29 Wheelbarrow
网恋被骗50块
2:46 Loom
11:09 Feudal Age
12:17 Double-Bit Axe
12:27 Horse Collar
15:48 Castle Age
13:42 Gold Mining
15:30 Bloodlines
16:04 Scale Barding Armor
22:20 Wheelbarrow
21:32 Town Watch
21:45 Stone Mining
23:03 Chain Barding Armor
28:15 Kasbah
28:44 Heavy Plow
28:55 Bow Saw
34:19 Imperial Age
31:44 Fletching
32:45 Kasbah
33:51 Bodkin Arrow
36:29 Hand Cart
36:25 Husbandry
36:09 Treadmill Crane
36:00 Cavalier
37:18 Plate Barding Armor
37:57 Forging
39:41 Stone Shaft Mining
39:41 Gold Shaft Mining
40:54 Conscription
41:11 Murder Holes
41:37 Ballistics
43:05 Iron Casting
BaniWang
3:14 Loom
11:09 Feudal Age
15:16 Castle Age
13:59 Gold Mining
14:56 Double-Bit Axe
16:20 Bow Saw
17:31 Gold Shaft Mining
17:16 Fervor
19:49 Wheelbarrow
21:14 Horse Collar
22:03 Heavy Plow
23:40 Hand Cart
25:32 Fletching
25:43 Padded Archer Armor
26:34 Bodkin Arrow
26:40 Stone Mining
27:15 Ballistics
28:57 Masonry
32:08 Imperial Age
30:30 Leather Archer Armor
31:54 Bloodlines
31:44 Husbandry
33:12 Conscription
32:13 Elite Mangudai
32:55 Bracer
32:37 Capped Ram
35:15 Chemistry
34:48 Parthian Tactics
37:29 Drill
40:19 Siege Ram
Gustavsson
12:58 Feudal Age
18:36 Castle Age
16:48 Double-Bit Axe
20:54 Bow Saw
20:26 Horse Collar
22:31 Wheelbarrow
22:02 Stone Mining
22:02 Gold Mining
22:30 Loom
24:13 Scale Barding Armor
24:48 Bloodlines
24:38 Husbandry
24:44 Heavy Plow
30:20 Imperial Age
28:08 Hand Cart
31:20 Chain Barding Armor
31:10 Forging
32:21 Chemistry
35:47 Conscription
35:30 Grand Trunk Road
tomtom
3:28 Loom
12:37 Feudal Age
13:25 Double-Bit Axe
16:49 Castle Age
17:40 Bow Saw
18:17 Wheelbarrow
18:42 Stone Mining
22:43 Horse Collar
22:54 Stone Mining
22:56 Gold Mining
26:42 Heavy Plow
26:38 Fletching
27:34 Detinets
28:49 Gold Shaft Mining
28:52 Hand Cart
31:51 Imperial Age
29:46 Scale Mail Armor
29:47 Town Watch
30:15 Bloodlines
30:05 Husbandry
30:18 Forging
30:54 Squires
30:15 Man-at-Arms
30:20 Pikeman
32:09 Chain Mail Armor
32:43 Iron Casting
32:04 Long Swordsman
33:04 Town Patrol
33:30 Conscription
34:28 Two-Man Saw
34:12 Plate Mail Armor
35:25 Blast Furnace
33:57 Halberdier
34:39 Two-Handed Swordsman
35:58 Druzhina
35:42 Champion
40:56 Bodkin Arrow
41:43 Padded Archer Armor
41:18 Elite Boyar
42:34 Hoardings
42:06 Scale Barding Armor
41:57 Light Cavalry
Ther_
2:59 Loom
12:26 Feudal Age
17:08 Castle Age
15:21 Gold Mining
15:17 Double-Bit Axe
28:23 Scale Mail Armor
32:03 Wheelbarrow
40:55 Bow Saw
40:26 Horse Collar
ExE
2:45 Loom
10:13 Feudal Age
11:41 Double-Bit Axe
14:17 Castle Age
12:47 Horse Collar
14:52 Wheelbarrow
16:58 Wheelbarrow
18:18 Heavy Plow
19:04 Bow Saw
21:10 Fletching
24:45 Town Watch
28:15 Bodkin Arrow
39:14 Imperial Age
39:29 Imperial Age
40:12 Conscription
Moonka
3:07 Loom
11:26 Feudal Age
12:52 Double-Bit Axe
12:48 Horse Collar
16:01 Castle Age
13:56 Stone Mining
16:58 Bow Saw
16:50 Heavy Plow
21:02 Fervor
22:33 Wheelbarrow
23:35 Gold Mining
26:39 Gold Shaft Mining
26:40 Stone Shaft Mining
26:53 Hand Cart
29:33 Imperial Age
27:48 Scale Barding Armor
27:54 Forging
28:48 Husbandry
29:10 Chain Barding Armor
30:16 Iron Casting
31:18 Plate Barding Armor
31:27 Crop Rotation
31:58 Two-Man Saw
32:11 Treadmill Crane
33:22 Hoardings
33:07 Conscription
33:01 Logistica
32:44 Fletching
36:13 Chemistry
35:50 Elite Cataphract
37:56 Bombard Tower
38:50 Bodkin Arrow
39:17 Ballistics
38:44 Arrowslits
39:24 Padded Archer Armor
39:21 Murder Holes
40:05 Bracer
40:42 Elite Skirmisher
41:40 Leather Archer Armor
42:51 Ring Archer Armor
42:28 Thumb Ring
Connection lost

Rejoining the realm…

Still unreachable

The connection could not be restored.

Session expired

The server has moved on; the page needs a fresh start.